 Dungeon Crawl Stone Soup version 0.29.1-12-g30fa7ad0bf (webtiles) character file.

Game seed: 3640931215643781738

672 RapScallion the Chopper (level 7, 0/60 HPs)
             Began as a Hill Orc Fighter on Jan 13, 2023.
             Slain by a black bear (5 damage)
             ... on level 4 of the Dungeon.
             The game lasted 00:18:10 (4531 turns).

RapScallion the Chopper (Hill Orc Fighter)          Turns: 4531, Time: 00:18:10

Health: 0/60       AC:  9    Str: 21    XL:     7   Next: 58%
Magic:  7/7        EV: 10    Int:  8    God:
Gold:   188        SH:  4    Dex: 10    Spells: 6/6 levels left

rFire   + . .      SeeInvis .   u - +2 flail (vorpal)
rCold   . . .      Faith    .   c - +0 buckler
rNeg    . . .      Spirit   .   o - +2 ring mail {rF+}
rPois   .          Reflect  .   s - +0 helmet
rElec   .          Harm     .   (no cloak)
rCorr   .          Rampage  .   (no gloves)
Will    .....                   (no boots)
Stlth   +.........              (no amulet)
HPRegen 0.20/turn               (no ring)
MPRegen 0.10/turn               (no ring)

@: no status effects
A: no striking features
a: no special abilities


You were on level 4 of the Dungeon.
You visited 1 branch of the dungeon, and saw 4 of its levels.

You collected 188 gold pieces.

Inventory:

Hand Weapons
 a - a +0 war axe
 u - a +2 vorpal flail (weapon)
 w - a +1 flail of venom
Missiles
 g - 57 stones (quivered)
 n - 3 datura-tipped darts
Armour
 b - a +0 scale mail
 c - a +0 buckler (worn)
 o - a +2 ring mail of fire resistance (worn)
 s - a +0 helmet (worn)
Jewellery
 p - an amulet of magic regeneration
Wands
 q - a wand of light (1)
Scrolls
 f - 2 scrolls of identify
 h - a scroll of immolation {unknown}
 k - a scroll of noise {unknown}
 r - 2 scrolls of poison {unknown}
 v - 4 scrolls of amnesia
Potions
 d - a potion of might
 e - a potion of curing
 i - 5 potions of berserk rage
 j - 2 potions of ambrosia
 l - a potion of attraction
 m - a potion of magic
 t - 2 potions of brilliance


   Skills:
 + Level 4.6 Fighting
 + Level 6.7(7.0) Axes
 + Level 2.0(4.1) Maces & Flails
 + Level 5.1 Armour
 + Level 1.4 Dodging
 + Level 1.4 Stealth
 + Level 4.6 Shields


You had 6 spell levels left.
You didn't know any spells.
Your spell library was empty.

Dungeon Overview and Level Annotations

Branches:
Dungeon (4/15)
 Temple: D:4-7

Altars:
Cheibriados


Message History

You barely miss the black bear.
The black bear is heavily wounded.
The black bear bites you.
The black bear claws you but does no damage.
The black bear barely misses you.
You barely miss the black bear.
The black bear is heavily wounded.
You block the black bear's attack. The black bear claws you.
The black bear claws you but does no damage.
You hit the black bear.
The black bear is heavily wounded.
The black bear bites you but does no damage.
The black bear claws you but does no damage.
You block the black bear's attack.
The black bear bites you but does no damage.
The black bear closely misses you. The black bear claws you.
You sock the black bear!
The black bear is almost dead.
The black bear goes berserk!
You closely miss the black bear.
The black bear is almost dead.
The black bear bites you.
The black bear claws you but does no damage.
The black bear claws you. The black bear barely misses you.
The black bear completely misses you. The black bear claws you.
You barely miss the black bear.
The black bear is almost dead.
The black bear bites you. You block the black bear's attack.
The black bear barely misses you. The black bear bites you!
* * * LOW HITPOINT WARNING * * *
The black bear claws you.
* * * LOW HITPOINT WARNING * * *
The black bear claws you.
* * * LOW HITPOINT WARNING * * *
You barely miss the black bear.
The black bear is almost dead.
The black bear bites you but does no damage.
You block the black bear's attack. The black bear closely misses you.
The black bear bites you.
You die...

##+# #...# .....#
......###
......... # .
........# ##.# .
........#####..#
#### #.#....##
...# #Bh@##..## #
##.#
#######..##.##.##
##.# ##.........
##.# #.#####.##
##.# #.# ##<# #.#
...# #.# #### #.#
.## ##########.#


You could see a black bear (berserk) and a giant cockroach.

Vanquished Creatures
  A kobold brigand (D:3)
  A howler monkey (D:3)
  4 hounds
  2 orc priests (D:3)
  A gnoll bouda (D:3)
  Terence (D:3)
  An orc wizard (D:3)
  Robin (D:3)
  2 adders (D:2)
  14 gnolls
  3 worms
  25 orcs
  3 ball pythons
  7 bats
  5 endoplasms
  2 giant cockroaches
  16 goblins
  4 hobgoblins
  14 jackals (D:3)
  4 kobolds
  4 quokkas (D:1)
  4 frilled lizards
  4 rats
123 creatures vanquished.

Vanquished Creatures (others)
  4 plants (D:3)
4 creatures vanquished.

Grand Total: 127 creatures vanquished

Notes
Turn   | Place    | Note
-------+----------+-------------------------------------------
     0 | D:1      | RapScallion the Hill Orc Fighter began the quest for the
                  | Orb.
     0 | D:1      | Reached XP level 1. HP: 19/19 MP: 1/1
     2 | D:1      | You fall into a shaft and drop 1 floor!
   188 | D:2      | Reached XP level 2. HP: 27/27 MP: 2/2
   343 | D:1      | Reached skill level 3 in Axes
   343 | D:1      | Reached XP level 3. HP: 26/33 MP: 3/3
  1133 | D:2      | Reached XP level 4. HP: 40/40 MP: 4/4
  1376 | D:2      | Reached skill level 4 in Axes
  1591 | D:3      | Noticed Terence
  1606 | D:3      | Killed Terence
  1738 | D:3      | Noticed Robin
  1748 | D:4      | Found a snail-covered altar of Cheibriados.
  1887 | D:4      | Reached XP level 5. HP: 20/46 MP: 5/5
  2184 | D:3      | Reached skill level 5 in Axes
  2206 | D:3      | Killed Robin
  2213 | D:3      | Reached skill level 1 in Dodging
  2616 | D:3      | Reached skill level 1 in Stealth
  2624 | D:3      | Reached XP level 6. HP: 33/52 MP: 6/6
  2629 | D:3      | Reached skill level 6 in Axes
  3136 | D:3      | Reached XP level 7. HP: 30/60 MP: 7/7
  3322 | D:3      | Reached skill level 1 in Maces & Flails
  3853 | D:3      | Reached skill level 5 in Armour
  4531 | D:4      | Slain by a black bear

Illustrated notes

Levels and vault maps discovered:
D:1:      noname_arrival_rooms_in_the_neighbourhood, layout_rooms,
          chequers_jeans
D:2:      layout_basic, grunt_decor_fettered
D:3:      lemuel_castle_with_subvaults [lemuel_castle_interior_original],
          layout_basic, uniq_terence, uniq_robin
D:4:      layout_loops_corners, general_overflow_altar, slow_altar_1,
          minmay_manual_macuahuitl

Skill      XL: |  1  2  3  4  5  6  7 |
---------------+----------------------+-----
Fighting       | 4 |  4.6
Axes           | 3 4 5 6 |  6.7
Armour         | 4 5 |  5.1
Dodging        | 1 |  1.4
Stealth        | 1 |  1.4
Shields        | 4 |  4.6
Maces & Flails | 2 |  2.0

Action                   |  1- 3 |  4- 6 |  7- 9 || total
-------------------------+-------+-------+-------++-------
Melee: War axe           |    85 |   145 |       ||   230
       Flail             |       |    11 |   115 ||   126
  Use: Scroll            |       |     2 |     5 ||     7
Armor: Scale mail        |    41 |     3 |       ||    44
       Ring mail         |       |   103 |    55 ||   158
Dodge: Dodged            |    46 |   110 |    69 ||   225
Block: Buckler           |    23 |    59 |    33 ||   115
